 Dungeon Crawl Stone Soup version 0.27-a0-380-g150de4c316 (webtiles) character file.

Game seed: 11761604768319116368

42 Fanghorn the Grave Robber (level 3, -2/24 HPs)
             Began as a Mummy Necromancer on Feb 17, 2021.
             Slain by Sigmund
             ... wielding a +0 scythe
              (8 damage)
             ... on level 2 of the Dungeon.
             The game lasted 00:04:39 (1232 turns).

Fanghorn the Grave Robber (Mummy Necromancer)       Turns: 1232, Time: 00:04:40

Health: -2/24      AC:  2    Str: 11    XL:     3   Next: 35%
Magic:  1/8        EV: 12    Int: 15    God:
Gold:   55         SH:  0    Dex: 12    Spells: 8/9 levels left

rFire    x . .     SeeInvis .   f - +0 whip
rCold    + . .     Faith    .   (no shield)
rNeg     + + +     Spirit   .   a - +0 robe
rPois    ∞         Reflect  .   (no helmet)
rElec    .         Harm     .   (no cloak)
rCorr    .         Rampage  .   (no gloves)
Will     .....                  (no boots)
Stlth    ++........             (no amulet)
HPRegen  0.08/turn              (no ring)
MPRegen  0.11/turn              (no ring)

@: about to teleport
A: no potions, fire vulnerability, cold resistance 1, negative energy resistance
3, torment resistance, unbreathing
a: no special abilities


You were on level 2 of the Dungeon.
You visited 1 branch of the dungeon, and saw 2 of its levels.

You collected 55 gold pieces.

Inventory:

Hand Weapons
 b - a +0 dagger
 d - a +0 dagger
 e - a +0 mace
 f - a +0 whip (weapon)
 j - a +0 dagger
 k - a +0 dagger
Armour
 a - a +0 robe (worn)
 l - a +0 leather armour
Jewellery
 g - a ring of ice {unknown}
 i - an amulet of regeneration {unknown}
Scrolls
 m - a scroll of enchant weapon {unknown}
 n - a scroll of fog {unknown}


   Skills:
 + Level 1.5 Dodging
 + Level 1.5 Stealth
 * Level 3.5 Spellcasting
 * Level 4.8 Necromancy


You had 8 spell levels left.
You knew the following spells:

 Your Spells              Type           Power        Failure   Level
a - Pain                  Necr           68%          2%          1

Your spell library contained the following spells:

 Spells                   Type           Power        Failure   Level
 Animate Skeleton         Necr           34%          2%          1
 Vampiric Draining        Necr           8%           8%          3
 Animate Dead             Necr           8%           26%         4
 Agony                    Necr           17%          58%         5


Dungeon Overview and Level Annotations

Branches:
Dungeon (2/15)

Altars:

Annotations:
D:2 Sigmund


Innate Abilities, Weirdness & Mutations

You do not drink.
Your flesh is vulnerable to fire.
You are immune to poison.
Your flesh is cold resistant. (rC+)
You are immune to negative energy. (rN+++)
You are immune to unholy pain and torment.
You can survive without breathing.


Message History

Press: ? - help, Shift-Dir - straight line, f/p - jackal
Aim: a jackal (heavily wounded, chance to affect: 87%)
The jackal writhes in agony.
The jackal bites you. x2
Casting: Pain (safe; 2% risk of failure)
Confirm with . or Enter, or press ? or * to list all spells.
Aiming: Pain (safe; 2% risk of failure)
Press: ? - help, Shift-Dir - straight line, f/p - jackal
Aim: a jackal (severely wounded, chance to affect: 87%)
The jackal barely resists.
The jackal bites you. The jackal barely misses you.
You closely miss the jackal.
The jackal is severely wounded.
Sigmund appears from thin air!
Reactivating autopickup.
The jackal bites you. x2; The jackal closely misses you.
Sigmund laughs darkly.
The jackal bites you.
As you read the scroll labelled PUHYGG QIGHYTU, it crumbles to dust.
You hear a voice calling someone else's name.
It was a scroll of random uselessness.
The jackal bites you. The jackal closely misses you.
The jackal completely misses you.
Sigmund points at you and mumbles some strange words.
You resist with some effort. The jackal bites you.
What are your orders? t - Shout!
Orders for allies: a - Attack new target. p - Attack previous target. r - Retreat! s - Stop attacking. g - Guard the area. f - Follow me.
Anything else - Cancel.
Retreat in which direction?
Press: ? - help, Dir - move target, f - you, p - jackal
Okay, then.
As you read the scroll labelled GOXKY JIUTYEST, it crumbles to dust.
You feel strangely unstable.
It was a scroll of teleportation.
The jackal bites you.
* * * LOW HITPOINT WARNING * * *
The jackal bites you.
* * * LOW HITPOINT WARNING * * *
The jackal barely misses you.
Sigmund hits you from afar with a +0 scythe!
You die...

##.###.#
#..<...#
#.....##
#....#
###..#
#..#
#@.#
#..#
#@h#
#hh#
#..#
#†.#
#..#
...#
#.## #>#


You could see Sigmund and 3 jackals.

Vanquished Creatures
  A gnoll (D:1)
  A dart slug (D:1)
  2 giant cockroaches (D:1)
  5 goblins
  6 hobgoblins
  A jackal (D:2)
  5 kobolds (D:1)
  3 bats (D:1)
  2 frilled lizards (D:1)
  A rat (D:1)
27 creatures vanquished.

Notes
Turn   | Place    | Note
-------+----------+-------------------------------------------
     0 | D:1      | Fanghorn the Mummy Necromancer began the quest for the Orb.
     0 | D:1      | Reached XP level 1. HP: 13/13 MP: 4/4
   153 | D:1      | Reached XP level 2. HP: 13/19 MP: 0/5
   693 | D:1      | Reached XP level 3. HP: 24/24 MP: 5/7
  1184 | D:2      | Noticed Sigmund
  1232 | D:2      | Slain by Sigmund

Illustrated notes

Levels and vault maps discovered:
D:1:      evilmike_arrival_home_sweet_home, layout_loops_ring, glass_columns_b
D:2:      minmay_wonky_spiral, layout_loops_ring, grunt_dithmenos_smoke,
          uniq_sigmund, uniq_jessica

Skill      XL: |  1  2 |
---------------+-------+-----
Spellcasting   | 3 |  3.5
Dodging        | |  1.5
Stealth        | |  1.5
Necromancy     | |  4.8

Action                   || total
-------------------------++-------
Melee: Mace              ||     1
       Whip              ||     9
 Cast: Pain              ||    51
  Use: Scroll            ||     2
Armor: Robe              ||     4
Dodge: Dodged            ||    15

Table legend: (Time is in decaauts)
 A = Elapsed time spent in this place.
 B = Non-inter-level travel time spent in this place.
 C = Inter-level travel time spent in this place.
 D = Time resting spent in this place.
 E = Time spent auto-exploring this place.
 F = Levels seen in this place.
 G = Mean time per level.
                   A        B        C        D        E       F      G
               +--------+--------+--------+--------+--------+-----+--------+
         Total |   1232 |   1213 |     19 |    109 |    907 |   2 |  616.0 |
       Dungeon |   1232 |   1213 |     19 |    109 |    907 |   2 |  616.0 |
               +--------+--------+--------+--------+--------+-----+--------+

Top non-repeatable levels by time:
     D:1: 1117 daAuts
     D:2: 114 daAuts
